 Dungeon Crawl Stone Soup version 0.31-a0-659-gc5a091b79a (webtiles) character file.

Game seed: 2046317054486624995

1427 Essalna the Conjurer (level 8, -1/52 HPs)
             Began as a Gargoyle Conjurer on Aug 31, 2023.
             Slain by a killer bee (7 damage)
             ... on level 8 of the Dungeon.
             The game lasted 00:11:19 (5344 turns).

Essalna the Conjurer (Gargoyle Conjurer)            Turns: 5344, Time: 00:11:19

Health: -1/52      AC: 10    Str: 13    XL:     8   Next: 72%
Magic:  10/16      EV: 11    Int: 21    God:
Gold:   244        SH:  0    Dex:  8    Spells: 15/18 levels left

rFire   + . .        q - +8 mace "Koferore" {heavy, Str+2}
rCold   . . .        (no shield)
rNeg    + . .        i - +2 robe {rF+}
rPois   ∞            (no helmet)
rElec   +            j - +0 cloak
rCorr   .            (no gloves)
SInv    .            (no boots)
Will    .....        (no amulet)
Stlth   ++           (no ring)
HPRegen 0.28/turn    (no ring)
MPRegen 0.15/turn

%: no passive effects
@: no status effects
A: sickness immunity, AC +5, negative energy resistance 1, electricity
resistance, torment resistance 1, petrification resistance
a: no special abilities


You were on level 8 of the Dungeon.
You visited 1 branch of the dungeon, and saw 6 of its levels.

You collected 244 gold pieces.

Inventory:

Hand Weapons
 f - a +2 dagger of venom
 k - a +2 hammer of holy wrath
 q - the +8 mace "Koferore" (weapon) {heavy, Str+2}
   (You found it on level 4 of the Dungeon)

   Str+2:     It affects your strength (+2).
Missiles
 u - a throwing net
Armour
 a - a +0 robe
 i - a +2 robe of fire resistance (worn)
 j - a +0 cloak (worn)
Scrolls
 c - 3 scrolls of enchant armour {unknown}
 g - a scroll of butterflies {unknown}
 h - 3 scrolls of identify {unknown}
 l - a scroll of amnesia {unknown}
 n - 2 scrolls of vulnerability {unknown}
 o - a scroll of teleportation {unknown}
 p - 2 scrolls of revelation {unknown}
 s - 2 scrolls of brand weapon {unknown}
 w - a scroll of fog {unknown}
 x - a scroll of torment {unknown}
Potions
 b - a potion of magic
 d - 2 potions of curing
 e - a potion of ambrosia {unknown}
 m - a potion of mutation {unknown}
 r - a potion of lignification {unknown}
 t - 3 potions of haste {unknown}
 v - a potion of attraction {unknown}


   Skills:
 + Level 6.5 Fighting
 - Level 1.5 Dodging
 - Level 2.1 Stealth
 + Level 5.8 Spellcasting
 + Level 7.9 Conjurations


You had 15 spell levels left.
You knew the following spells:

 Your Spells              Type           Power      Damage    Failure   Level
a - Magic Dart            Conj           100%       1d8       1%          1
b - Searing Ray           Conj           78%        2d7       1%          2

Your spell library contained the following spells:

 Spells                   Type           Power      Damage    Failure   Level
 Dazzling Flash           Conj/Hex       44%        N/A       6%          3
 Fulminant Prism          Conj/Hex       11%        3d9       19%         4
 Iskenderun's Mystic Bla  Conj/Tloc      22%        2d6       19%         4


Dungeon Overview and Level Annotations

Branches:
Dungeon (8/15)
 Temple: D:4-7         Lair: D:8-11

Altars:
Uskayaw

Shops:
D:5 [


Innate Abilities, Weirdness & Mutations

You are immune to sickness and miasma.
Your stone body is resilient. (AC +5)
You are immune to poison.
You resist negative energy. (rN+)
You are resistant to electric shocks. (rElec)
You are resistant to unholy torment.
You are immune to petrification.


Message History

You punch the killer bee, but do no damage.
The killer bee is heavily wounded.
The killer bee closely misses you.
The killer bee stings you but does no damage.
The killer bee closely misses you.
The killer bee stings you but does no damage.
Okay, then.
Casting: Searing Ray (safe; 1% risk of failure)
Confirm with . or Enter, or press ? or * to list all spells.
Aiming: Searing Ray (safe; 1% risk of failure)
Press: ? - help, Shift-Dir - straight line, f - killer bee
Aim: a killer bee (heavily wounded, 61% to hit)
The searing ray hits the killer bee.
The killer bee is severely wounded. (Press . to maintain the ray.)
The killer bee barely misses you. The killer bee stings you!
The killer bee stings you.
* * * LOW HITPOINT WARNING * * *
The killer bee closely misses you.
The searing ray misses the killer bee.
The killer bee stings you!
* * * LOW HITPOINT WARNING * * *
The killer bee stings you.
* * * LOW HITPOINT WARNING * * *
The killer bee closely misses you. x2
It was a potion of curing.
You feel better. The killer bee closely misses you. The killer bee stings you.
* * * LOW HITPOINT WARNING * * *
The killer bee misses you.
The killer bee stings you but does no damage.
You miss the killer bee.
The killer bee is severely wounded.
The killer bee stings you but does no damage. x2
The killer bee misses you. The killer bee barely misses you.
The killer bee closely misses you. The killer bee stings you!
* * * LOW HITPOINT WARNING * * *
The killer bee stings you.
* * * LOW HITPOINT WARNING * * *
The killer bee stings you but does no damage.
You feel better. The killer bee stings you!
You die...

####.#..#..(..gg.
#####....#.........#
###.....#......g..)..#
..........##†###.....#.
#
.##.##.#.###.###.......
######## #.#)#
#........# ........
#.#)# ######...#
######## #O#y# ..# #
#y#@## .# ### yy#y.# ..
..# . #####.####### ##
#.# ...###............
#.# ..................
#.# ..###...##^......
#.# ##>## ####### #.#
#.# ..## ########.#


You could see 2 killer bees.

Vanquished Creatures
  Grinder (D:4)
  Eustachio (D:4)
  A black bear (D:5)
  An ice beast (D:5)
  A phantom (D:5)
  A gnoll sergeant (D:8)
  2 scorpions (D:4)
  4 killer bees (D:8)
  A hound (D:4)
  A jelly (D:4)
  An orc priest (D:2)
  Crazy Yiuf (D:3)
  Jessica (D:3)
  An iguana (D:4)
  Natasha (twice) (D:3)
  An orc wizard (D:5)
  8 gnolls
  4 adders
  A worm (D:4)
  2 dart slugs
  10 orcs
  4 ball pythons
  3 bats
  7 endoplasms
  3 giant cockroaches
  8 goblins
  7 hobgoblins
  2 jackals (D:1)
  7 kobolds
  4 quokkas
  11 frilled lizards
  A rat (D:2)
103 creatures vanquished.

Notes
Turn   | Place    | Note
-------+----------+-------------------------------------------
     0 | D:1      | Essalna the Gargoyle Conjurer began the quest for the Orb.
     0 | D:1      | Reached XP level 1. HP: 10/10 MP: 3/3
   273 | D:1      | Reached XP level 2. HP: 16/16 MP: 0/5
   581 | D:1      | Reached skill level 1 in Fighting
  1051 | D:1      | Reached XP level 3. HP: 20/20 MP: 4/6
  1360 | D:2      | Learned a level 2 spell: Searing Ray
  1580 | D:2      | Reached skill level 5 in Conjurations
  1580 | D:2      | Reached XP level 4. HP: 24/26 MP: 1/8
  2711 | D:3      | Noticed Natasha
  2717 | D:3      | Killed Natasha
  2718 | D:3      | Reached XP level 5. HP: 32/32 MP: 1/9
  3018 | D:3      | Found a hide-covered altar of Uskayaw.
  3031 | D:3      | Noticed Jessica
  3034 | D:3      | Killed Jessica
  3317 | D:3      | Noticed Natasha
  3322 | D:3      | Killed Natasha
  3342 | D:3      | Reached XP level 6. HP: 20/37 MP: 1/11
  3498 | D:3      | Found a runed translucent door.
  3499 | D:3      | Noticed Crazy Yiuf
  3507 | D:3      | Killed Crazy Yiuf
  3614 | D:4      | Noticed Eustachio
  3703 | D:4      | Killed Eustachio
  3704 | D:4      | Reached skill level 6 in Conjurations
  3779 | D:4      | Reached XP level 7. HP: 43/43 MP: 5/13
  3895 | D:4      | Noticed Grinder
  3911 | D:4      | Paralysed by Grinder for 2 turns
  3915 | D:4      | Killed Grinder
  4132 | D:4      | Reached skill level 5 in Fighting
  4358 | D:4      | Identified the +8 mace "Koferore" {heavy, Str+2}
  4497 | D:4      | Reached skill level 7 in Conjurations
  4527 | D:4      | Reached XP level 8. HP: 44/49 MP: 15/15
  4558 | D:5      | Entered Level 5 of the Dungeon
  4565 | D:5      | Reached skill level 5 in Spellcasting
  5029 | D:5      | Found Teino's Armour Emporium.
  5029 | D:5      | You fall into a shaft and drop 3 floors!
  5326 | D:8      | Noticed a two-headed ogre
  5343 | D:8      | HP: 1/52 [killer bee (2)]
  5344 | D:8      | Slain by a killer bee

Illustrated notes

Levels and vault maps discovered:
D:1:      nzn_arrival_crosshair, layout_loops_corners,
          chequers_serial_rivers_micro_d, minivault_19,
          minmay_misc_feat_more_columns
D:2:      layout_rooms
D:3:      layout_loops_ring, lemuel_crystal_altar, uniq_jessica,
          uniq_crazy_yiuf_cottage, uniq_natasha
D:4:      layout_basic, uniq_eustachio, uniq_grinder
D:5:      layout_basic, serial_shops, nicolae_shop_rolling_square
D:8:      layout_loops_cross, ebering_ghost_gozag, uniq_pikel

Skill      XL: |  1  2  3  4  5  6  7  8 |
---------------+-------------------------+-----
Fighting       | 1 2 3 4 5 6 |  6.5
Conjurations   | 5 6 7 |  7.9
Spellcasting   | 3 4 5 |  5.8
Dodging        | |  1.5
Stealth        | |  2.1

Action                     |  1- 3 |  4- 6 |  7- 9 || total
---------------------------+-------+-------+-------++-------
  Melee: Unarmed           |     6 |       |       ||     6
         Dagger            |       |    20 |     3 ||    23
         Punch             |       |     1 |     1 ||     2
         Mace              |       |       |    27 ||    27
   Cast: Magic Dart        |    52 |    76 |    42 ||   170
         Searing Ray       |     1 |    10 |    12 ||    23
    Use: Potion            |       |       |     2 ||     2
 Armour: Robe              |     3 |    16 |    76 ||    95
  Dodge: Dodged            |     3 |     8 |    53 ||    64

Table legend: (Time is in decaauts)
 A = Elapsed time spent in this place.
 B = Non-inter-level travel time spent in this place.
 C = Inter-level travel time spent in this place.
 D = Time resting spent in this place.
 E = Time spent auto-exploring this place.
 F = Levels seen in this place.
 G = Mean time per level.
                   A        B        C        D        E       F      G
               +--------+--------+--------+--------+--------+-----+--------+
         Total |   5374 |   5053 |    321 |     60 |   4308 |   6 |  895.7 |
       Dungeon |   5374 |   5053 |    321 |     60 |   4308 |   6 |  895.7 |
               +--------+--------+--------+--------+--------+-----+--------+

Top non-repeatable levels by time:
     D:3: 1380 daAuts
     D:1: 1308 daAuts
     D:2: 987 daAuts
     D:4: 893 daAuts
     D:5: 477 daAuts
     D:8: 328 daAuts
